AoeStats
← Blyad _Mann

Fortress

509458335Analyzed
4v4 RM · 5d ago on Sep 26, 2026· 27m 17s· 8 players
Game mode
Random Map
Map size
Huge
Population
200
Speed
Normal
Resources
Standard
Victory
Conquest
Starting age
Dark Age
Ending age
Imperial Age
RankedLock teamsTeams togetherTeam positionsShared explorationLock speedFull tech treeHidden civsTurbo modeCheats
Victory
Defeat
🇦🇷 Japanese · Argentina
997
+13
🇺🇸 Saxons · United States
988
+13
🇨🇱 Teutons · Chile
950
+14
🇨🇱 Danes · Chile
868
+18
🇺🇸 Wei · United States
930
-15
🇷🇴 Britons · Romania
927
-15
🇳🇱 Varangians · Netherlands
922
-15
🇩🇪 Sicilians · Germany
889
-13
Blyad _Mann
0:28 Loom
elmapuche4098
ivanklaricnejla
0:44 Loom
6:37 Feudal Age
7:14 Double-Bit Axe
7:16 Horse Collar
14:50 Castle Age
26:13 Masonry
26:20 Pikeman
Robi Polițistu
Christ is Lord † |Acts 16:31
7:31 Feudal Age
12:51 Castle Age
10:51 Horse Collar
11:12 Double-Bit Axe
12:31 Loom
14:00 Bow Saw
14:01 Scale Mail Armor
14:12 Squires
15:12 Forging
16:42 Chain Mail Armor
16:40 Gold Mining
18:03 Town Watch
18:41 Scale Barding Armor
22:18 Chain Barding Armor
24:17 Light Cavalry
25:10 Bloodlines
27:41 Iron Casting
Maldotroid
1:31 Loom
10:01 Feudal Age
14:08 Castle Age
12:10 Arson
12:34 Horse Collar
12:43 Double-Bit Axe
15:00 Town Watch
18:53 Scale Mail Armor
21:12 Fervor
25:34 Fletching
25:46 Padded Archer Armor
Producto.Machete
Bopp77
Connection lost

Rejoining the realm…

Still unreachable

The connection could not be restored.

Session expired

The server has moved on; the page needs a fresh start.